Map: [ESL] Alcyone

Players

PtitDrogo

  • Race: Protoss Protoss
  • Spawn Location: 1:00

YoungYakov - Winner!

  • Race: Zerg Zerg
  • Spawn Location: 7:00

Event: ESL SC2 Masters 2024 Spring (Regional)

VOD

Have the link to the VOD?

Description

Time

  • Played on: April 19, 2024, 11:29 a.m.
  • Length: 12:51

All games in this series

Show
View Real Time Build Order
Export as new Build Order

PtitDrogo Protoss 

Build Orders: Oracle Opening 

Get SALT Encoding   

  12  0:00  Probe  
  13  0:12  Probe  
  14  0:20  Pylon  
  14  0:25  Probe  
  15  0:38  Probe (Chrono Boost)  
  15  0:41  Gateway  
  16  0:48  Probe (Chrono Boost)  
  17  0:51  Assimilator  
  17  0:53  Probe  
  18  1:05  Probe  
  19  1:18  Probe  
  20  1:21  Pylon  
  20  1:24  Gateway  
  20  1:26  Zealot (Chrono Boost)  
  22  1:33  Cybernetics Core  
  22  1:38  Probe  
  23  1:45  Zealot  
  25  1:51  Pylon  
  25  1:53  Probe  
  26  2:03  Pylon  
  26  2:05  Probe  
  26  2:07  Assimilator  
  27  2:12  Adept  
  29  2:15  Adept  
  29  2:19  Warp Gate (Chrono Boost)  
  32  2:27  Shield Battery  
  31  2:37  Probe  
  31  2:43  Adept  
  34  2:45  Adept  
  34  2:50  Probe  
  37  2:57  Stargate  
  37  3:14  Nexus  
  37  3:20  Probe  
  38  3:33  Pylon  
  38  3:35  Probe  
  39  3:51  Oracle (Chrono Boost), Probe  
  43  3:58  Pylon  
  43  4:00  Adept x2  
  47  4:16  Pylon, Probe  
  48  4:24  Stalker  
  48  4:25  Oracle (Chrono Boost)  
  48  4:29  Probe (Chrono Boost)  
  55  4:34  Probe (Chrono Boost)  
  55  4:40  Probe (Chrono Boost)  
  55  4:42  Probe (Chrono Boost)  
  57  4:51  Probe  
  55  4:52  Probe  
  58  5:03  Probe  
  58  5:05  Probe  
  58  5:06  Void Ray (Chrono Boost)  
  61  5:09  Nexus  
  61  5:11  Pylon  
  61  5:15  Probe  
  61  5:18  Probe  
  63  5:27  Probe  
  64  5:33  Stalker x2  
  64  5:35  Probe  
  69  5:37  Assimilator  
  69  5:39  Assimilator, Probe (Chrono Boost)  
  70  5:46  Twilight Council  
  70  5:49  Forge  
  71  5:52  Probe x2 (Chrono Boost)  
  72  6:00  Robotics Facility  
  72  6:01  Probe (Chrono Boost)  
  72  6:02  Probe (Chrono Boost), Adept  
  76  6:11  Probe x2  
  76  6:12  Gateway  
  76  6:15  Shield Battery, Gateway  
  78  6:27  Stalker x2  
  78  6:28  Protoss Ground Weapons Level 1  
  82  6:34  Pylon  
  82  6:39  Blink (Chrono Boost)  
  82  6:41  Shield Battery  
  82  6:44  Probe, Shield Battery  
  83  6:52  Stalker x2  
  86  7:01  Probe  
  79  7:03  Shield Battery  
  79  7:06  Photon Cannon  
  79  7:08  Stalker  
  69  7:22  Stalker x3  
  65  7:27  Probe  
  65  7:28  Probe (Chrono Boost)  
  68  7:31  Probe (Chrono Boost)  
  64  7:39  Probe (Chrono Boost)  
  64  7:40  Probe (Chrono Boost)  
  66  7:44  Stalker  
  66  7:48  Probe x2 (Chrono Boost)  
  66  7:50  Stalker  
  71  7:53  Probe  
  71  7:54  Probe  
  73  8:01  Stalker  
  73  8:02  Observer, Stalker  
  73  8:05  Probe  
  78  8:06  Probe  
  80  8:15  Stalker x2  
  80  8:16  Pylon  
  84  8:28  Pylon  
  84  8:31  Stalker  
  86  8:34  Protoss Ground Weapons Level 2 (Chrono Boost)  
  86  8:35  Nexus  
  86  8:44  Charge  
  86  8:45  Probe  
  87  8:49  Shield Battery  
  87  8:53  Zealot  
  89  8:57  Zealot  
  88  9:04  Probe x2  
  90  9:16  Probe x2  
  92  9:19  Pylon  
  92  9:27  Stalker x3  
  92  9:28  Probe  
  92  9:29  Probe  
  100  9:38  Stalker  
  102  9:40  Probe  
  102  9:41  Probe  
  104  9:49  Probe  
  105  9:53  Probe x2  
  105  9:57  Templar Archives  
  105  9:59  Stalker x3  
  113  10:01  Probe  
  107  10:16  Stalker  
  109  10:25  Immortal (Chrono Boost)  
  109  10:29  Probe x2  
  109  10:31  Assimilator x2  
  99  10:45  Nexus  
  99  10:46  Pylon  
  99  10:47  Stalker x4  
  98  10:54  Immortal (Chrono Boost)  
  98  10:59  Probe x2  
  98  11:03  Probe  
  98  11:04  Photon Cannon  
  101  11:09  Gateway  
  101  11:13  Gateway  
  101  11:16  Gateway  
  101  11:22  Psionic Storm  
  101  11:26  High Templar x2  
  101  11:27  Immortal (Chrono Boost)  
  101  11:28  High Templar x2  
  113  11:33  Shield Battery  
  113  11:34  Pylon  
  109  11:49  Robotics Facility  
  109  11:57  Archon  
  109  11:58  Stalker x2  
  109  11:59  Immortal (Chrono Boost)  
  109  12:00  Zealot x2  
  109  12:07  Stalker  
  98  12:10  Stalker  
  90  12:21  Zealot x4  
  90  12:25  Zealot  
  79  12:33  Zealot x2  
  74  12:42  Stalker x3  
  74  12:43  Stalker  
Show
View Real Time Build Order
Export as new Build Order

YoungYakov Zerg - Winner!

Build Orders: Pool First 

Get SALT Encoding   

  12  0:00  Drone  
  13  0:12  Overlord  
  13  0:16  Drone  
  14  0:30  Drone x2  
  16  0:43  Spawning Pool  
  16  0:45  Drone  
  17  0:50  Drone  
  17  1:01  Drone  
  18  1:17  Hatchery  
  18  1:18  Extractor  
  16  1:19  Drone  
  17  1:29  Zergling x2  
  17  1:30  Zergling x2  
  19  1:34  Queen  
  21  1:46  Drone  
  22  1:56  Overlord  
  22  2:08  Hatchery  
  21  2:12  Drone  
  22  2:19  Metabolic Boost  
  22  2:23  Drone  
  24  2:32  Queen  
  26  2:41  Drone  
  26  2:42  Drone x2  
  29  2:48  Zergling x2  
  29  2:50  Hatchery  
  29  2:55  Overlord  
  29  2:59  Zergling x2  
  30  3:15  Zergling x4  
  32  3:21  Queen  
  34  3:27  Drone  
  34  3:28  Drone x2  
  34  3:34  Drone  
  38  3:35  Overlord  
  38  3:38  Drone x2  
  39  3:43  Overlord  
  39  3:46  Drone  
  40  3:53  Overlord  
  40  3:56  Drone x2  
  40  4:01  Queen  
  44  4:07  Drone x2  
  45  4:12  Drone x2  
  45  4:15  Zergling x4  
  49  4:20  Drone  
  50  4:24  Zergling x6  
  50  4:28  Queen  
  55  4:32  Zergling x2  
  55  4:33  Zergling x2  
  57  4:41  Overlord, Drone  
  57  4:42  Drone x2  
  59  4:45  Spore Crawler  
  59  4:46  Spore Crawler  
  59  4:52  Drone x3  
  55  4:56  Lair  
  55  5:01  Drone x2  
  55  5:04  Zergling x4  
  55  5:05  Zergling x2  
  60  5:07  Extractor  
  60  5:09  Drone  
  60  5:15  Baneling Nest  
  60  5:16  Drone x3  
  62  5:21  Drone  
  62  5:22  Drone x2  
  62  5:24  Queen  
  67  5:33  Drone x2  
  67  5:35  Drone x2  
  70  5:36  Queen  
  70  5:37  Overlord  
  70  5:41  Overlord  
  72  5:44  Overlord  
  72  5:46  Overlord  
  70  5:57  Nydus Network  
  70  6:00  Zergling x14  
  70  6:01  Overseer  
  76  6:04  Overlord  
  76  6:09  Queen  
  77  6:16  Zergling x8  
  77  6:17  Overlord  
  81  6:21  Spore Crawler  
  81  6:24  Zergling x2  
  81  6:25  Zergling x6  
  80  6:32  Overseer  
  80  6:33  Nydus Canal  
  80  6:38  Zergling x14  
  87  6:43  Zergling x2  
  87  6:44  Zergling x2  
  89  6:54  Zergling x2  
  89  6:56  Baneling  
  89  6:57  Baneling  
  89  6:58  Overlord  
  81  7:04  Baneling x4  
  81  7:08  Drone x6  
  80  7:15  Queen x2  
  84  7:16  Queen  
  84  7:18  Overlord  
  84  7:20  Zergling x8, Nydus Canal  
  84  7:21  Zergling x2  
  86  7:25  Overseer  
  86  7:26  Zergling x2  
  81  7:32  Roach Warren  
  81  7:33  Drone x2  
  74  7:38  Drone  
  74  7:39  Drone  
  73  7:50  Queen  
  74  7:54  Drone x4, Hatchery  
  74  7:58  Zergling x8  
  79  7:59  Nydus Canal  
  79  8:02  Extractor  
  79  8:03  Extractor  
  77  8:09  Zergling x10  
  77  8:10  Centrifugal Hooks  
  77  8:11  Glial Reconstitution  
  82  8:14  Evolution Chamber  
  81  8:20  Drone x2  
  81  8:21  Drone x2  
  81  8:26  Overlord  
  85  8:29  Overlord  
  85  8:32  Drone  
  86  8:39  Roach x4, Overlord  
  94  8:42  Overlord x2, Zerg Missile Weapons Level 1  
  94  8:47  Overlord  
  94  8:50  Roach x4  
  101  9:02  Drone x2  
  102  9:03  Hydralisk Den  
  102  9:05  Extractor x2  
  102  9:07  Drone x3  
  102  9:09  Drone x6, Queen  
  110  9:12  Roach  
  110  9:16  Ravager  
  113  9:19  Roach  
  113  9:20  Roach  
  113  9:23  Roach x2  
  121  9:27  Queen  
  121  9:28  Zergling x2  
  124  9:34  Muscular Augments  
  124  9:37  Roach x4, Zergling x2  
  124  9:38  Zergling x6  
  133  9:43  Roach  
  133  9:44  Roach x2  
  139  9:50  Drone x5  
  139  9:51  Overlord, Extractor  
  141  10:02  Zergling x8  
  142  10:13  Zergling x2  
  142  10:14  Zergling x14  
  150  10:19  Infestation Pit  
  148  10:26  Hydralisk x5  
  150  10:29  Drone x2  
  150  10:30  Extractor  
  150  10:35  Hydralisk x2  
  148  10:39  Hatchery  
  138  10:43  Drone x6  
  138  10:46  Hydralisk  
  138  10:47  Hydralisk  
  143  10:55  Drone  
  143  10:56  Drone x5  
  145  10:58  Hive  
  145  11:02  Lurker Den  
  141  11:07  Hydralisk  
  141  11:08  Hydralisk x2  
  141  11:11  Grooved Spines  
  147  11:14  Evolution Chamber  
  145  11:20  Ravager x4  
  145  11:22  Zergling x12  
  145  11:25  Overlord  
  155  11:33  Hydralisk x2  
  155  11:35  Overlord x2, Pneumatized Carapace  
  155  11:36  Overlord  
  155  11:37  Overseer  
  159  11:49  Zergling x4  
  159  11:50  Zergling x8  
  162  11:58  Extractor  
  162  11:59  Hydralisk x7  
  158  12:11  Hydralisk x6  
  159  12:16  Zergling x2  
  159  12:17  Zergling x8  
  159  12:19  Zergling x2  
  159  12:20  Zergling x4  
  164  12:26  Nydus Canal  
  161  12:32  Zergling x8  
  156  12:42  Nydus Canal  
Tags
 
Add a new tag
Caveats
  • Supply blocks, unpowered buildings, or Contaminate may cause inaccurate times.
  • Supply counts are checked every 10 seconds.